 Dungeon Crawl Stone Soup version 0.18.1-8-gdd0e5ea (webtiles) character file.

163 zeroDi the Cutter (level 5, 0/26 HPs)
             Began as a Vine Stalker Assassin on June 3, 2016.
             Slain by a worker ant (3 damage)
             ... on level 4 of the Dungeon.
             The game lasted 00:06:03 (2010 turns).

zeroDi the Cutter (Vine Stalker Assassin)           Turns: 2010, Time: 00:06:04

Health: 0/26       AC:  4    Str: 13    XL:     5   Next: 44%
Magic:  0/6        EV: 11    Int: 11    God:
Gold:   141        SH:  0    Dex: 17    Spells: 0 memorised, 4 levels left

rFire  . . .     SeeInvis .     a - +2 dagger
rCold  . . .     Gourm    .     c - +0 robe
rNeg   . . .     Faith    .     (no shield)
rPois  .         Spirit   +     (no helmet)
rElec  .         Dismiss  .     d - +0 cloak
rCorr  .         Reflect  .     D - +0 pair of gloves
SustAt .         Harm     .     (no boots)
MR     .....                    (no amulet)
Stlth  +++.......               (no ring)
                                (no ring)

@: not resistant to hostile enchantments, fairly stealthy
A: fangs 2, regeneration 1, magic shield, antimagic bite, no device heal 3, rot
immunity
a: no special abilities


You were on level 4 of the Dungeon.
You were hungry.

You visited 1 branch of the dungeon, and saw 4 of its levels.

You collected 141 gold pieces.


Innate Abilities, Weirdness & Mutations

You have extremely sharp teeth.
Your natural rate of healing is unusually fast.
When hurt, damage is shared between your health and your magic reserves.
Your bite disrupts and absorbs the magic of your enemies.
Potions and wands cannot restore your health.
You are immune to rotting.


   Skills:
 - Level 1.7 Fighting
 + Level 5.0 Short Blades
 - Level 1.7 Throwing
 - Level 0.7 Dodging
 - Level 4.8 Stealth


You had 4 spell levels left.
You didn't know any spells.

Inventory:

Hand Weapons
 a - a +2 dagger (weapon)
 b - a +0 blowgun
Missiles
 e - 17 poisoned needles
 f - a curare-tipped needle {=f}
 m - 147 stones (quivered)
Armour
 c - a +0 robe (worn)
 d - a +0 cloak (worn)
 D - a +0 pair of gloves (worn)
Jewellery
 i - an uncursed ring of see invisible {unknown}
 q - an uncursed amulet of regeneration {unknown}
 r - an uncursed ring of poison resistance {unknown}
Scrolls
 k - a scroll of teleportation {unknown}
 l - 2 scrolls of remove curse {unknown}
 p - 2 scrolls of blinking {unknown}
 y - a scroll of amnesia {unknown}
Potions
 n - a potion of invisibility {unknown}
 s - 4 potions of might {unknown}
 t - a potion of flight {unknown}
 v - a potion of mutation {unknown}
 w - a potion of berserk rage {unknown}
 x - a potion of lignification {unknown}
 z - a potion of brilliance {unknown}
 A - a potion of haste {unknown}
 C - a potion of degeneration {unknown}
Comestibles
 g - 6 bread rations
 h - a slice of pizza
 j - 4 meat rations
 o - a beef jerky
 u - a royal jelly
 B - 4 chunks of flesh

Dungeon Overview and Level Annotations

Branches:
Dungeon (4/15)
 Temple: D:4-7

Altars:
Dithmenos

Annotations:
D:3 Gagarin's ghost, amateur DrAE
D:4 Dowan; Edmund

#.....## .. #......##
#.####....#..#
#............####
##...[...........#####
#..............#.....#
#..♣...........#o....#
#####..PP..........#.....#
..............<.@a.#.....#
# ..♣......h.....o.....#
#.............##.....#
##...........###.....#
############# #.....#
#######


You could see a hound (wandering), a worker ant and an orc.


Message History

You hit the orc.
The orc is heavily wounded.
The worker ant bites you.
* * * LOW HITPOINT WARNING * * *
You feel sick. The orc hits you with a club.
* * * LOW HITPOINT WARNING * * *
The orc misses you. The worker ant bites you.
* * * LOW HITPOINT WARNING * * *
* * * LOW HITPOINT WARNING * * *
You feel sick.
* * * LOW HITPOINT WARNING * * *
You feel sick. The worker ant barely misses you.
* * * LOW HITPOINT WARNING * * *
You feel sick.
You are no longer poisoned.
The worker ant bites you but does no damage.
The worker ant bites you.
You die...

Action                   |  1- 3 |  4- 6 || total
-------------------------+-------+-------++-------
Melee: Dagger            |    88 |    94 ||   182
       Bite              |    24 |    25 ||    49
 Fire: Blowgun           |     1 |       ||     1
Throw: Stone             |       |     4 ||     4
 Stab: Sleeping          |     4 |     5 ||     9
  Eat: Chunk             |       |     3 ||     3
Armor: Robe              |    24 |     9 ||    33
Dodge: Dodged            |    47 |    36 ||    83

Vault maps used:
D:1:      zelgadis_glass_arrival_small, minmay_door_square,
          corexii_item_surrounded_by_moat
D:2:      grunt_dithmenos_smoke, first_bread, uniq_crazy_yiuf_cottage
D:3:      uniq_robin
D:4:      nicolae_tso_swordbearing_angel, gammafunk_temple_overflow_wave,
          serial_park_tiny_2, uniq_duvessa, uniq_sigmund, uniq_edmund

Notes
Turn   | Place    | Note
--------------------------------------------------------------
     0 | D:1      | zeroDi the Vine Stalker Assassin began the quest for the Orb.
     0 | D:1      | Reached XP level 1. HP: 11/11 MP: 2/2
    19 | D:1      | Reached skill level 2 in Short Blades
    50 | D:1      | Reached XP level 2. HP: 12/15 MP: 3/3
   123 | D:1      | Reached skill level 3 in Short Blades
   126 | D:1      | Reached XP level 3. HP: 3/18 MP: 4/4
   682 | D:2      | Noticed Crazy Yiuf
   705 | D:2      | Killed Crazy Yiuf
   705 | D:2      | Reached skill level 4 in Short Blades
   705 | D:2      | Reached XP level 4. HP: 9/23 MP: 5/5
   885 | D:2      | Found a shadowy altar of Dithmenos.
  1372 | D:3      | Noticed Robin
  1376 | D:3      | Reached XP level 5. HP: 24/26 MP: 4/6
  1562 | D:3      | Killed Robin
  1734 | D:3      | Noticed Gagarin's ghost (amateur DrAE)
  1859 | D:4      | Noticed Dowan
  1938 | D:4      | Noticed Edmund
  1939 | D:4      | Reached skill level 5 in Short Blades
  1991 | D:4      | HP: 2/26 [orc/club (1)]
  1999 | D:4      | HP: 1/26 [poisoned by a worker ant]
  2010 | D:4      | Slain by a worker ant

Vanquished Creatures
  Crazy Yiuf (D:2)
  Robin (D:3)
  A gnoll (D:1)
  4 adders
  A worm (D:3)
  3 dart slugs (D:1)
  4 giant geckos (D:1)
  2 orcs
  A ball python (D:3)
  5 bats
  2 giant cockroaches
  15 goblins
  4 hobgoblins
  3 giant newts
  5 kobolds
  9 rats
61 creatures vanquished.
